 Dungeon Crawl Stone Soup version 0.23.2-1-ga50397a6bc (webtiles) character file.

Game seed: 9180937123076230278

750 EvilAshe the Ruffian (level 7, -8/67 HPs)
             Began as a Troll Hunter on May 13, 2019.
             Was an Initiate of Makhleb.
             Mangled by Duvessa
             ... wielding a +0 rapier
              (14 damage)
             ... in the Ecumenical Temple.
             The game lasted 00:09:05 (2726 turns).

EvilAshe the Ruffian (Troll Hunter)                 Turns: 2726, Time: 00:09:06

Health: -8/67      AC:  7    Str: 23    XL:     7   Next: 48%
Magic:  6/6        EV: 14    Int:  7    God:    Makhleb [......]
Gold:   150        SH:  9    Dex: 15    Spells: 6/6 levels left

rFire    . . .     SeeInvis .     - Unarmed
rCold    . . .     Gourm    +   l - +0 shield
rNeg     . . .     Faith    .   b - +0 robe
rPois    .         Spirit   .   (helmet restricted)
rElec    .         Reflect  .   o - +0 cloak
rCorr    .         Harm     .   (gloves unavailable)
MR       .....                  (boots unavailable)
Stlth    +++.......             (no amulet)
HPRegen  0.61/turn              (no ring)
MPRegen  0.10/turn              (no ring)

@: agile
A: large, unfitting armour, claws 3, fast metabolism 3, gourmand, regeneration
1, shaggy fur 1, tough skin 3
a: Renounce Religion


You were in the Ecumenical Temple.
You worshipped Makhleb.
Makhleb was noncommittal.
You were completely stuffed.

You visited 2 branches of the dungeon, and saw 5 of its levels.

You collected 150 gold pieces.

Inventory:

Missiles
 d - 2 throwing nets {!f}
 t - 5 large rocks (quivered)
Armour
 b - a +0 robe (worn)
 l - a +0 shield (worn)
   (You found it on level 2 of the Dungeon)
 o - a +0 cloak (worn)
   (You found it on level 3 of the Dungeon)
Wands
 c - a wand of disintegration (15) {!d}
   (You found it on level 4 of the Dungeon)
Scrolls
 g - a scroll of immolation {unknown}
 j - 2 scrolls of remove curse {@r2}
 k - a scroll of teleportation {unknown}
 n - a scroll of blinking {unknown}
 p - a scroll of enchant armour {unknown}
Potions
 a - a potion of lignification {unknown}
 f - 3 potions of agility
 h - a potion of might {unknown}
 i - a potion of brilliance
 m - a potion of ambrosia {unknown}
 q - a potion of cancellation
 s - a potion of mutation {unknown}
Comestibles
 e - 6 rations {!d}


   Skills:
 + Level 3.4 Fighting
 - Level 3.6 Throwing
 + Level 3.4 Dodging
 - Level 0.3 Stealth
 + Level 2.5 Shields
 * Level 5.2 Unarmed Combat


You had 6 spell levels left.
You didn't know any spells.
Your spell library was empty.

Dungeon Overview and Level Annotations

Branches:
Dungeon (4/15)             Temple (1/1) D:4

Altars:
Ashenzari
Cheibriados
Dithmenos
Fedhas
Hepliaklqana
Makhleb
Nemelex Xobeh
Uskayaw
Vehumet
Zin

Annotations:
D:2 Sigmund
Temple Duvessa


Innate Abilities, Weirdness & Mutations

You are too large for most types of armour.
You have claws for hands.
Your metabolism is lightning-fast.
You like to eat raw meat.
Your natural rate of healing is unusually fast.
You are covered in fur. (AC +1)
You have extremely tough skin. (AC +3)


Message History

You feel sick. x2
You are no longer poisoned.
You start resting.
Okay, then.
Okay, then.
Okay, then.
You climb upwards.
Welcome back to the Dungeon!
Level annotation: Dowan, Duvessa Dowan gestures wildly while chanting.
Dowan blinks!
Duvessa barely misses you. Dowan hits you with a +0 dagger.
There is a staircase to the Ecumenical Temple, spattered with blood here.
Duvessa hits you with a +0 rapier! Dowan hits you with a +0 dagger.
You climb downwards.
Welcome back to the Ecumenical Temple!
There is a staircase back to the Dungeon here.
You scratch Dowan. Dowan hits you but does no damage.
Duvessa hits you with a +0 rapier.
You barely miss Dowan. Dowan hits you but does no damage.
Duvessa closely misses you.
You scratch Dowan. Dowan barely misses you.
Duvessa says, "When magic and the sword combine, nothing stands against them."
You block Duvessa's attack.
Your shield prevents you from hitting Dowan.
Dowan hits you but does no damage. Duvessa hits you with a +0 rapier!
You feel agile all of a sudden.
Dowan laughs at you. "Don't get delusional, you can't win!"
Dowan completely misses you.
You scratch Dowan. Duvessa completely misses you. Dowan barely misses you.
You mangle Dowan!!
You kill Dowan!
Makhleb accepts your kill.
Duvessa weeps, then rights herself and shakes her weapon.
Duvessa goes berserk!
Duvessa hits you but does no damage. You block Duvessa's attack.
You scratch Duvessa. Duvessa hits you with a +0 rapier!
* * * LOW HITPOINT WARNING * * *
You scratch Duvessa. Duvessa hits you but does no damage.
Duvessa hits you with a +0 rapier!
* * * LOW HITPOINT WARNING * * *
You claw Duvessa! You block Duvessa's attack.
You claw Duvessa! You block Duvessa's attack.
You scratch Duvessa. Duvessa hits you with a +0 rapier.
* * * LOW HITPOINT WARNING * * *
You block Duvessa's attack.
You scratch Duvessa. Duvessa hits you with a +0 rapier!
* * * LOW HITPOINT WARNING * * *
Okay, then.
Aim: Duvessa, wielding a +0 rapier and wearing a +0 ring mail (heavily wounded, berserk, fast, unusually strong, chance to defeat MR: 48%)
Okay, then.
You barely miss Duvessa. Duvessa hits you with a +0 rapier!
You die...

#... .._. ....
... #.#
#######.########
................
......).รท.......
......e@........
................
................
#######.########
#.# ... ... ._.


You could see Duvessa (berserk).

Vanquished Creatures
  Pikel (D:3)
  3 slaves (D:3)
  Dowan (Temple)
  2 orc wizards (D:3)
  Jessica (D:2)
  A howler monkey skeleton (D:4)
  A gnoll (D:4)
  6 adders
  4 dart slugs (D:1)
  3 leopard geckos
  4 orcs
  5 giant cockroaches
  6 goblins
  7 hobgoblins
  11 jackals
  8 kobolds
  A ball python (D:2)
  11 bats
  4 frilled lizards
  A leopard gecko skeleton (D:4)
  A quokka skeleton (D:4)
  8 rats
90 creatures vanquished.

Notes
Turn   | Place    | Note
-------+----------+-------------------------------------------
     0 | D:1      | EvilAshe the Troll Hunter began the quest for the Orb.
     0 | D:1      | Reached XP level 1. HP: 19/19 MP: 0/0
   119 | D:1      | Reached skill level 1 in Unarmed Combat
   137 | D:1      | Reached XP level 2. HP: 28/28 MP: 1/1
   461 | D:1      | Reached XP level 3. HP: 34/35 MP: 2/2
   485 | D:1      | Reached skill level 2 in Unarmed Combat
   862 | D:2      | Noticed Sigmund
   926 | D:2      | Noticed Jessica
   927 | D:2      | Killed Jessica
   927 | D:2      | Reached XP level 4. HP: 42/42 MP: 3/3
  1322 | D:3      | Reached skill level 1 in Shields
  1361 | D:2      | Reached skill level 3 in Unarmed Combat
  1370 | D:2      | Reached XP level 5. HP: 50/50 MP: 4/4
  1603 | D:3      | Found a hazy altar of Hepliaklqana.
  1857 | D:4      | Noticed a slave
  1858 | D:4      | Noticed a slave
  1858 | D:4      | Noticed Pikel
  1858 | D:4      | Noticed a slave
  1858 | D:4      | Noticed a slave
  1886 | D:3      | Killed a slave
  1932 | D:3      | Killed a slave
  2000 | D:3      | Killed a slave
  2177 | D:3      | Killed Pikel
  2177 | D:3      | Reached skill level 5 in Unarmed Combat
  2177 | D:3      | Reached XP level 6. HP: 61/61 MP: 5/5
  2177 | D:3      | Reached XP level 7. HP: 67/67 MP: 6/6
  2471 | D:4      | Found a glowing silver altar of Zin.
  2478 | D:4      | Found a shattered altar of Ashenzari.
  2485 | D:4      | Found a burning altar of Makhleb.
  2495 | D:4      | Found a radiant altar of Vehumet.
  2502 | D:4      | Found a shadowy altar of Dithmenos.
  2507 | D:4      | Found a sparkling altar of Nemelex Xobeh.
  2521 | D:4      | Found a blossoming altar of Fedhas.
  2534 | D:4      | Became a worshipper of Makhleb the Destroyer
  2642 | D:4      | Noticed Dowan
  2643 | D:4      | Noticed Duvessa
  2651 | D:4      | Found a staircase to the Ecumenical Temple.
  2664 | Temple   | Entered the Ecumenical Temple
  2719 | Temple   | Killed Dowan
  2726 | Temple   | Mangled by Duvessa

Skill      XL: |  1  2  3  4  5 |
---------------+----------------+-----
Unarmed Combat | 1 2 3 5 |  5.2
Fighting       | 2 3 |  3.4
Dodging        | 2 3 |  3.4
Shields        | 1 2 |  2.5
Throwing       | |  3.6
Stealth        | |  0.3

Action                   |  1- 3 |  4- 6 |  7- 9 || total
-------------------------+-------+-------+-------++-------
Melee: Unarmed           |   101 |   157 |    24 ||   282
       Punch             |     1 |       |       ||     1
Throw: Large rock        |       |     3 |       ||     3
  Use: Scroll            |       |     4 |       ||     4
       Potion            |       |       |     1 ||     1
 Stab: Sleeping          |     2 |     2 |       ||     4
  Eat: Chunk             |    14 |    12 |     5 ||    31
Armor: Robe              |    52 |    54 |     7 ||   113
Dodge: Dodged            |    59 |    32 |    11 ||   102
Block: Shield            |     3 |    48 |    10 ||    61
